Map: Defender's Landing LE

Players

Bly

  • Race: Zerg Zerg
  • League: Master
  • Spawn Location: 1:00

ShoWTimE - Winner!

  • Race: Protoss Protoss
  • Spawn Location: 7:00

Event: HomeStory Cup XV

VOD

Have the link to the VOD?

Description

Time

  • Played on: July 22, 2017, 10:01 a.m.
  • Length: 10:27

All games in this series

Show
View Real Time Build Order
Export as new Build Order

Bly Zerg 

Build Orders: Pool First 

Get SALT Encoding   

  12  0:17  Spawning Pool  
  11  0:22  Drone  
  11  0:27  Drone  
  13  0:31  Drone  
  14  0:40  Overlord  
  14  1:05  Zergling x6  
  17  1:16  Zergling x2  
  18  1:21  Hatchery  
  17  1:28  Zergling x2  
  18  1:38  Zergling x2  
  19  1:41  Queen  
  21  1:57  Drone  
  21  2:06  Overlord  
  21  2:24  Queen  
  22  2:31  Drone x3  
  22  2:36  Drone  
  23  2:43  Drone  
  24  2:48  Drone  
  24  2:50  Queen  
  27  2:57  Overlord  
  26  3:06  Drone  
  26  3:07  Drone x2  
  26  3:08  Extractor  
  28  3:15  Zergling x4  
  30  3:23  Hatchery  
  30  3:26  Drone  
  30  3:32  Drone x2  
  32  3:37  Drone x2  
  32  3:40  Drone  
  33  3:59  Drone x5  
  33  4:01  Spore Crawler  
  36  4:03  Drone x2  
  36  4:07  Drone  
  39  4:11  Drone x2  
  39  4:14  Drone x2  
  42  4:20  Drone  
  42  4:22  Metabolic Boost  
  43  4:27  Overlord  
  43  4:41  Extractor  
  43  4:44  Drone x6  
  48  4:45  Roach Warren  
  48  4:50  Overlord  
  48  4:51  Drone x2  
  49  4:53  Drone  
  50  5:06  Overlord  
  50  5:17  Overlord x2  
  50  5:22  Queen  
  50  5:26  Roach x5  
  64  5:31  Roach x2  
  64  5:34  Roach x2  
  72  5:41  Zergling x2  
  72  5:42  Zergling x8  
  67  5:53  Zergling x2  
  67  5:54  Zergling x6  
  67  6:05  Roach  
  67  6:06  Roach x4  
  67  6:07  Overlord  
  76  6:17  Zergling x8  
  78  6:32  Zergling x2  
  79  6:33  Zergling x10  
  79  6:35  Ravager x3  
  87  6:41  Zergling x2  
  87  6:42  Zergling x4  
  89  6:53  Zergling x2  
  89  6:54  Zergling x4  
  91  6:58  Ravager  
  89  7:12  Zergling x14  
  89  7:13  Zergling x6  
  93  7:19  Zergling x2  
  87  7:24  Zergling x4  
  81  7:35  Ravager x2, Zergling x2  
  81  7:36  Zergling x8  
  76  7:45  Roach x3  
  69  7:57  Zergling x2  
  69  7:58  Zergling x10  
  59  8:09  Zergling x6  
  62  8:18  Roach x3  
  59  8:29  Roach  
  59  8:30  Roach x2  
  58  8:38  Roach x2  
  58  8:40  Ravager  
  58  8:41  Roach  
  63  8:47  Roach x2  
  67  8:50  Roach  
  67  8:52  Queen x3  
  75  8:58  Roach x2  
  75  9:01  Roach  
  81  9:09  Zergling x4  
  83  9:11  Ravager  
  83  9:13  Zergling x2  
  81  9:25  Zergling x8  
  82  9:34  Zergling x4  
  82  9:48  Zergling x6  
  82  9:51  Ravager x2  
  85  9:59  Zergling x8  
  89  10:00  Ravager  
  89  10:01  Zergling x2  
  89  10:02  Ravager  
Show
View Real Time Build Order
Export as new Build Order

ShoWTimE Protoss - Winner!

Build Orders:  

Get SALT Encoding   

  12  0:01  Probe (Chrono Boost)  
  13  0:11  Probe (Chrono Boost)  
  14  0:18  Pylon  
  14  0:22  Probe (Chrono Boost)  
  15  0:36  Probe (Chrono Boost)  
  15  0:40  Gateway  
  16  0:47  Probe (Chrono Boost)  
  16  0:48  Assimilator  
  17  0:58  Probe (Chrono Boost)  
  17  1:03  Pylon  
  18  1:08  Probe (Chrono Boost)  
  19  1:19  Probe (Chrono Boost)  
  19  1:25  Pylon  
  20  1:27  Zealot (Chrono Boost), Cybernetics Core  
  20  1:29  Probe  
  23  1:51  Zealot (Chrono Boost)  
  25  2:10  Nexus  
  24  2:20  Adept (Chrono Boost)  
  24  2:22  Warp Gate  
  26  2:25  Probe  
  24  2:38  Pylon  
  24  2:53  Assimilator  
  24  2:57  Probe  
  25  3:02  Adept (Chrono Boost)  
  27  3:06  Pylon  
  27  3:09  Probe  
  28  3:21  Probe (Chrono Boost)  
  28  3:23  Probe (Chrono Boost)  
  28  3:24  Twilight Council  
  30  3:32  Probe (Chrono Boost)  
  31  3:35  Probe (Chrono Boost)  
  32  3:43  Probe (Chrono Boost)  
  32  3:45  Probe (Chrono Boost)  
  32  3:47  Robotics Facility  
  34  3:53  Probe (Chrono Boost)  
  33  3:55  Resonating Glaives (Chrono Boost)  
  33  3:58  Probe (Chrono Boost)  
  34  4:04  Probe  
  35  4:12  Probe  
  35  4:13  Gateway  
  36  4:18  Gateway  
  36  4:21  Mothership Core  
  38  4:25  Probe  
  39  4:37  Warp Prism (Chrono Boost)  
  39  4:38  Probe  
  42  4:41  Adept  
  42  4:42  Probe  
  45  4:50  Probe  
  46  4:54  Probe  
  46  4:55  Pylon  
  47  5:02  Probe  
  47  5:04  Adept  
  47  5:06  Probe  
  51  5:08  Adept  
  51  5:12  Observer (Chrono Boost)  
  51  5:14  Pylon, Probe  
  55  5:18  Probe  
  56  5:21  Pylon  
  56  5:23  Assimilator  
  56  5:24  Assimilator  
  56  5:26  Probe  
  57  5:40  Probe x2  
  59  5:50  Immortal (Chrono Boost)  
  59  5:52  Probe x2  
  59  5:55  Adept x2  
  59  5:56  Adept  
  63  6:04  Probe x2  
  65  6:16  Probe x2  
  69  6:25  Immortal (Chrono Boost)  
  69  6:26  Nexus  
  69  6:28  Probe  
  69  6:30  Sentry x3  
  69  6:31  Pylon  
  76  6:33  Pylon  
  76  6:37  Gateway  
  76  6:41  Gateway  
  76  6:47  Pylon  
  76  6:55  Sentry  
  76  6:59  Sentry  
  76  7:00  Pylon  
  79  7:11  Immortal (Chrono Boost)  
  79  7:14  Sentry  
  79  7:19  Pylon, Sentry  
  71  7:24  Pylon  
  71  7:25  Sentry  
  71  7:30  Pylon  
  60  7:38  Sentry  
  58  7:44  Adept x2  
  58  7:45  Immortal (Chrono Boost)  
  62  7:57  Probe x2 (Chrono Boost)  
  60  8:00  Sentry  
  56  8:08  Zealot x3  
  56  8:09  Mothership Core (Chrono Boost)  
  56  8:10  Probe (Chrono Boost)  
  65  8:15  Adept  
  65  8:20  Immortal (Chrono Boost)  
  65  8:21  Probe  
  65  8:23  Adept  
  72  8:28  Probe  
  72  8:30  Adept x3  
  72  8:33  Probe  
  76  8:40  Probe  
  77  8:45  Pylon, Probe  
  78  8:52  Probe  
  79  8:57  Probe  
  80  9:04  Probe  
  80  9:09  Probe  
  82  9:10  Nexus  
  82  9:11  Pylon  
  82  9:14  Adept  
  82  9:17  Probe  
  85  9:20  Sentry, Adept  
  89  9:26  Adept x2  
  88  9:35  Immortal (Chrono Boost)  
  88  9:36  Probe  
  88  9:37  Probe  
  94  9:49  Sentry  
  94  9:52  Pylon  
  96  9:55  Pylon  
  96  9:56  Sentry x2  
  96  9:59  Pylon  
  100  10:01  Adept  
  100  10:06  Pylon  
  98  10:20  Adept x3  
Tags
 
Add a new tag
Caveats
  • Supply blocks, unpowered buildings, or Contaminate may cause inaccurate times.
  • Supply counts are checked every 10 seconds.